 Dungeon Crawl Stone Soup version 0.22.0-40-g68aacdc4c8 (webtiles) character file.

6699 TheWayOfAllFlesh the Martial Artist (level 11, -2/84 HPs)
             Began as a Merfolk Transmuter on Aug 31, 2018.
             Was a Believer of Makhleb.
             Shot with an arrow by a centaur warrior (18 damage)
             ... on level 10 of the Dungeon.
             The game lasted 00:22:19 (12326 turns).

TheWayOfAllFlesh the Martial Artist (MfTm)         Turns: 12326, Time: 00:22:19

Health: -2/84      AC:  7    Str: 12    XL:     11   Next: 3%
Magic:  15/20      EV: 15    Int: 15    God:    Makhleb [**....]
Gold:   190        SH:  3    Dex: 14    Spells: 6/22 levels left

rFire    . . .     SeeInvis .     - Unarmed
rCold    . . .     Gourm    .   (shield currently unavailable)
rNeg     . . .     Faith    .   l - +0 ring mail
rPois    .         Spirit   .   (no helmet)
rElec    .         Reflect  +   x - +0 cloak
rCorr    .         Harm     .   (gloves currently unavailable)
MR       .....                  D - +0 pair of boots
Stlth    +.........             q - +3 amulet of reflection
HPRegen  0.24/turn              n - +1 ring of evasion
MPRegen  0.17/turn              m - ring of wizardry

@: blade hands (expiring), berserk cooldown, very slightly contaminated, slowed,
very slow
A: change form in water, swift swim, stealthy swim
a: End Transformation, Minor Destruction, Renounce Religion


You were on level 10 of the Dungeon.
You worshipped Makhleb.
Makhleb was pleased with you.
You were hungry.
You had blades for hands.
You visited 2 branches of the dungeon, and saw 11 of its levels.

You collected 540 gold pieces.
You spent 350 gold pieces at shops.

Inventory:

Hand Weapons
 o - the cursed +1 dagger of the New World {freeze, *Noise rPois Dex+3 SInv}
   (You found it on level 6 of the Dungeon)

   It has been specially enchanted to freeze those struck by it, causing extra
   injury to most foes and up to half again as much damage against particularly
   susceptible opponents.
   It can also slow down cold-blooded creatures.
   It affects your dexterity (+3).
   It protects you from poison.
   It lets you see invisible.
   It may make noises in combat.
   It has a curse placed upon it.
Missiles
 a - 244 arrows
Armour
 i - a +1 pair of gloves (melded)
 l - a +0 ring mail (worn)
 x - a +0 cloak (worn)
 y - a +0 pair of gloves of dexterity
 D - a +0 pair of boots (worn)
 M - a +0 troll leather armour
Jewellery
 e - an uncursed ring of ice
 g - an uncursed ring of resist corrosion
 m - a ring of wizardry (right scythe-like blade)
 n - a +1 ring of evasion (left scythe-like blade)
 q - a +3 amulet of reflection (around neck)
 w - an uncursed ring of fire
 z - an uncursed ring of positive energy
 A - an uncursed amulet of magic regeneration {unknown}
 K - an uncursed ring of positive energy
Wands
 b - a wand of iceblast (3)
 u - a wand of flame (55)
 H - a wand of enslavement (10)
 L - a wand of paralysis (9)
Scrolls
 j - 3 scrolls of enchant weapon
 k - 4 scrolls of remove curse
 t - 6 scrolls of teleportation
 v - 2 scrolls of blinking
 E - a scroll of fear
 J - 3 scrolls of amnesia {unknown}
Potions
 d - 6 potions of heal wounds
 f - 2 potions of ambrosia
 h - 4 potions of might
 p - a potion of mutation
 r - 3 potions of magic
 s - 5 potions of curing
 B - 2 potions of brilliance
 C - a potion of berserk rage
 F - a potion of cancellation
 G - a potion of flight
Comestibles
 c - 14 rations
 I - 9 chunks of flesh


   Skills:
 + Level 7.2 Fighting
 + Level 7.1 Dodging
 * Level 10.8 Unarmed Combat
 + Level 6.4 Spellcasting
 - Level 2.0 Hexes
 + Level 9.1 Transmutations
 - Level 4.0 Ice Magic
 - Level 2.0 Poison Magic


You had 6 spell levels left.
You knew the following spells:

 Your Spells              Type           Power        Failure   Level  Hunger
a - Blade Hands           Tmut           ####......   32%         5    ######.
b - Sticks to Snakes      Tmut           ####....     6%          2    #......
c - Spider Form           Tmut/Pois      ###.......   21%         3    ##.....
d - Ice Form              Ice/Tmut       ###.....     32%         4    ####...
e - Beastly Appendage     Tmut           ####..       6%          1    None
z - Confusing Touch       Hex            ##....       26%         1    None

Your spell library contained the following spells:

 Spells                   Type           Power        Failure   Level  Hunger
 Animate Skeleton         Necr           N/A          41%         1    None
 Apportation              Tloc           #.....       41%         1    None
 Summon Small Mammal      Summ           #...         41%         1    None
 Confuse                  Hex            ##......     45%         3    ##.....
 Petrify                  Tmut/Erth      ###.....     52%         4    ####...
 Gell's Gravitas          Tloc           #.........   67%         3    ##.....
 Yara's Violent Unravell  Hex/Tmut       ###.......   67%         5    ######.
 Metabolic Englaciation   Hex/Ice        ##........   90%         5    ######.


Dungeon Overview and Level Annotations

Branches:
Dungeon (10/15)            Temple (1/1) D:6            Lair (0/6) D:9
    Orc: D:9-12

Altars:
Cheibriados
Elyvilon
Gozag
Hepliaklqana
Kikubaaqudgha
Makhleb
Okawaru
Qazlal
Trog
Vehumet
Xom
Yredelemnul
Zin

Shops:
D:6 (   D:8 *}}!

Annotations:
D:3 3 runed doors, Erymatos's ghost, amateur MiBe


Message History

As you read the scroll of blinking, it crumbles to dust.
A centaur comes into view.
Some of the chunks of flesh in your inventory have rotted away.
As you read the scroll of teleportation, it crumbles to dust.
You feel strangely unstable.
The centaur shouts!
The centaur wields a shortbow.
The centaur shoots an arrow.
The arrow closely misses you.
The centaur shoots an arrow.
You reflect the arrow off an invisible shield around you!
The arrow hits the centaur.
The centaur warrior shoots an arrow.
The arrow barely misses you.
Your transformation is almost over.
The centaur shoots an arrow.
The arrow closely misses you.
The centaur shoots an arrow.
The arrow barely misses you.
Your surroundings seem slightly different.
The centaur shoots an arrow.
The arrow hits you.
* * * LOW HITPOINT WARNING * * *
The centaur warrior shoots an arrow.
The arrow completely misses you.
The centaur warrior shoots an arrow.
The arrow hits you!!
You die...

#.#
#.............#.........#
#.#
#......###....#.........#
#.###.......# .... #.
#.##.....#..# .... #..#
#.###.#......#### ##.....
... #............#..#
.#.... ##
#.###...###..(..# ....##
.
..#......#.....###.....#
....##
......#..#..#).(@...#
......
......#######....ยง..#
......
.###..#..#..#..###..#
..###. . #......#..))..#
.c... #.. #..#..###cc#..#
.#..## #.. #
####.......#### ##....
### . #..#...[...#..#
.(.. . #.....###(....#
### . .###.....#.(...## .


You could see a centaur warrior and 2 centaurs.

Vanquished Creatures
  A centaur warrior (D:10)
  Pikel (D:5)
  A komodo dragon (D:10)
  A troll (D:10)
  Prince Ribbit (D:8)
  Sigmund (D:5)
  2 wraiths
  A wyvern (D:7)
  A vampire mosquito (D:10)
  Duvessa (D:5)
  3 orc warriors
  2 ice beasts
  A sky beast (D:9)
  A black bear (shapeshifter) (D:10)
  A black bear (D:6)
  A necrophage (D:9)
  A phantom (D:4)
  2 ogres
  5 centaurs
  A crocodile (D:7)
  4 bullfrogs
  Dowan (D:5)
  2 wyvern skeletons
  A scorpion (D:5)
  9 killer bees
  An oklob sapling (D:6)
  9 wights
  2 howler monkeys
  5 crimson imps
  A quasit (D:8)
  An orc priest (D:9)
  4 bullfrog skeletons
  A centaur skeleton (D:10)
  2 hounds
  2 human zombies (D:9)
  Crazy Yiuf (D:5)
  Jessica (D:3)
  2 orc wizards (D:9)
  An iguana (D:5)
  13 worker ants
  A hound zombie (D:5)
  2 mummies (D:9)
  3 worker ant zombies
  5 gnolls
  8 adders
  A shadow imp (D:8)
  An ooze (D:1)
  An adder zombie (D:5)
  2 adder skeletons
  2 worms (D:2)
  3 dart slugs (D:2)
  7 leopard geckos
  20 orcs
  2 ball pythons
  7 bats
  8 giant cockroaches
  8 goblins
  8 hobgoblins
  16 jackals
  9 kobolds
  3 quokkas
  A frilled lizard (D:1)
  2 orc zombies (D:9)
  6 rats
  A plant (D:6)
219 creatures vanquished.

Vanquished Creatures (collateral kills)
  Grinder (D:6)
  2 gnolls (D:3)
  An orc (D:5)
  A hobgoblin (D:3)
  A kobold (D:1)
6 creatures vanquished.

Grand Total: 225 creatures vanquished

Notes
Turn   | Place    | Note
-------+----------+-------------------------------------------
     0 | D:1      | TheWayOfAllFlesh the Merfolk Transmuter began the quest for the Orb.
     0 | D:1      | Reached XP level 1. HP: 15/15 MP: 3/3
   189 | D:1      | Reached XP level 2. HP: 13/21 MP: 3/5
   305 | D:1      | Learned a level 2 spell: Sticks to Snakes
   707 | D:1      | Reached XP level 3. HP: 11/26 MP: 4/6
  1581 | D:2      | Learned a level 3 spell: Spider Form
  1617 | D:2      | Reached skill level 4 in Unarmed Combat
  1970 | D:2      | Reached XP level 4. HP: 33/33 MP: 3/7
  2242 | D:2      | Found a bloodstained altar of Trog.
  2385 | D:2      | Reached XP level 5. HP: 9/39 MP: 4/9
  3087 | D:3      | Found a runed gate.
  3090 | D:3      | Found an opulent altar of Gozag.
  3092 | D:3      | Found a runed gate.
  3092 | D:3      | Found a runed gate.
  3092 | D:3      | Noticed Erymatos's ghost (amateur MiBe)
  3283 | D:3      | Found a snail-covered altar of Cheibriados.
  3716 | D:3      | Noticed Jessica
  3721 | D:3      | Killed Jessica
  3794 | D:3      | Reached skill level 5 in Unarmed Combat
  4340 | D:4      | Reached XP level 6. HP: 41/46 MP: 6/10
  4497 | D:4      | Learned a level 1 spell: Confusing Touch
  4499 | D:4      | Found an opulent altar of Gozag.
  4810 | D:4      | Noticed a phantom
  4834 | D:4      | Learned a level 4 spell: Ice Form
  5087 | D:4      | Killed a phantom
  5087 | D:4      | Reached skill level 1 in Poison Magic
  5284 | D:5      | Entered Level 5 of the Dungeon
  5612 | D:5      | Reached XP level 7. HP: 38/52 MP: 10/12
  5695 | D:5      | Noticed Duvessa
  5716 | D:5      | Killed Duvessa
  5716 | D:5      | Reached skill level 5 in Transmutations
  5802 | D:5      | Noticed Dowan
  5816 | D:5      | Killed Dowan
  5816 | D:5      | Reached skill level 6 in Unarmed Combat
  5904 | D:5      | Noticed Sigmund
  5920 | D:5      | Killed Sigmund
  6070 | D:5      | Reached skill level 1 in Ice Magic
  6173 | D:5      | Found a runed door.
  6178 | D:5      | Noticed Crazy Yiuf
  6207 | D:5      | Killed Crazy Yiuf
  6207 | D:5      | Reached XP level 8. HP: 20/60 MP: 7/13
  6619 | D:5      | Noticed Pikel
  6652 | D:5      | Killed Pikel
  6652 | D:5      | Reached skill level 7 in Unarmed Combat
  6996 | D:5      | Found a shimmering altar of Xom.
  7229 | D:6      | Got an ancient dagger
  7232 | D:6      | Identified the cursed +1 dagger of the New World {freeze, *Noise rPois Dex+3 SInv} (You found it on level 6 of the Dungeon)
  7508 | D:6      | Found Elicw's Weapon Shop.
  7593 | D:6      | Noticed Grinder
  7628 | D:6      | Killed Grinder
  7628 | D:6      | Reached skill level 5 in Fighting
  7628 | D:6      | Reached XP level 9. HP: 64/68 MP: 2/15
  7761 | D:6      | Reached skill level 8 in Unarmed Combat
  8324 | D:6      | Found a staircase to the Ecumenical Temple.
  8458 | Temple   | Entered the Ecumenical Temple
  8512 | Temple   | Became a worshipper of Makhleb the Destroyer
  8644 | D:7      | Identified a scroll of acquirement
  8768 | D:7      | Reached skill level 5 in Spellcasting
  9034 | D:6      | Learned a level 5 spell: Blade Hands
  9365 | D:7      | Reached skill level 9 in Unarmed Combat
  9435 | D:7      | Reached skill level 5 in Dodging
  9922 | D:8      | Reached * piety under Makhleb
  9942 | D:8      | Found Juotrom's Gadget Shoppe.
  9963 | D:8      | Reached XP level 10. HP: 76/76 MP: 14/18
  9999 | D:8      | Noticed Prince Ribbit
 10005 | D:8      | Killed Prince Ribbit
 10104 | D:8      | Found Cymoasou's Assorted Antiques.
 10122 | D:8      | Bought a scroll of fear for 80 gold pieces
 10122 | D:8      | Bought a bubbling orange potion for 20 gold pieces
 10122 | D:8      | Bought a bubbling golden potion for 20 gold pieces
 10122 | D:8      | Bought a glowing gold wand for 92 gold pieces
 10122 | D:8      | Bought a scroll of identify for 46 gold pieces
 10122 | D:8      | Bought a potion of might for 92 gold pieces
 10381 | D:8      | Found Riogg's Gadget Shop.
 10514 | D:8      | Found Osipuyggo's Distillery.
 10697 | D:9      | Got a spiked leather armour
 10698 | D:9      | Identified the +0 leather armour of Resourcefulness {*Drain +Blink rElec rC-} (You found it on level 9 of the Dungeon)
 11162 | D:9      | Found a staircase to the Lair.
 11379 | D:9      | Reached skill level 10 in Unarmed Combat
 11384 | D:9      | Found an ancient bone altar of Kikubaaqudgha.
 11390 | D:9      | Reached ** piety under Makhleb
 11572 | D:9      | Found a glowing silver altar of Zin.
 11772 | D:10     | Entered Level 10 of the Dungeon
 12048 | D:10     | Noticed a centaur warrior
 12068 | D:10     | Killed a centaur warrior
 12068 | D:10     | Reached skill level 1 in Hexes
 12309 | D:10     | Reached XP level 11. HP: 69/84 MP: 14/20
 12319 | D:10     | Noticed a centaur warrior
 12326 | D:10     | Shot with an arrow by a centaur warrior

Skill      XL: |  1  2  3  4  5  6  7  8  9 10 |
---------------+-------------------------------+-----
Transmutations | 3 4 5 6 7 9 |  9.1
Unarmed Combat | 4 5 6 7 9 10 | 10.8
Fighting       | 2 3 4 5 6 7 |  7.2
Spellcasting   | 3 4 5 6 |  6.4
Poison Magic   | 1 2 |  2.0
Ice Magic      | 1 3 4 |  4.0
Dodging        | 3 5 7 |  7.1
Hexes          | 2 |  2.0

Action                   |  1- 3 |  4- 6 |  7- 9 | 10-12 || total
-------------------------+-------+-------+-------+-------++-------
Melee: Unarmed           |   126 |   199 |   283 |   179 ||   787
       Headbutt          |     7 |     2 |       |       ||     9
       Punch             |     2 |     3 |     1 |     2 ||     8
 Cast: Beastly Appendage |    16 |     2 |       |       ||    18
       Sticks to Snakes  |     3 |     7 |    21 |    11 ||    42
       Spider Form       |     3 |    12 |    28 |    10 ||    53
       Ice Form          |       |       |     3 |     2 ||     5
       Blade Hands       |       |       |     3 |     9 ||    12
 Abil: End Transformatio |       |       |       |     2 ||     2
  Use: Scroll            |       |    13 |     6 |     6 ||    25
       Potion            |       |       |       |     1 ||     1
 Stab: Sleeping          |     2 |     1 |     2 |       ||     5
       Distracted        |     1 |       |       |       ||     1
  Eat: Chunk             |     4 |    12 |    16 |    11 ||    43
       Ration            |       |     1 |     1 |       ||     2
Armor: Robe              |    21 |    29 |    19 |     2 ||    71
       Skin              |       |     4 |     5 |     4 ||    13
       Ring mail         |       |       |       |     9 ||     9
Dodge: Dodged            |    77 |   148 |   187 |   141 ||   553
Block: Other             |       |     1 |    25 |    20 ||    46
       Reflection        |       |       |       |     1 ||     1
